Map: World of Sleepers LE

Players

Probe

  • Race: Protoss Protoss
  • Spawn Location: 1:00

SKillous - Winner!

  • Race: Protoss Protoss
  • Spawn Location: 7:00

Event: IEM Katowice 2020

VOD

Have the link to the VOD?

Description

Time

  • Played on: Feb. 24, 2020, 9:27 a.m.
  • Length: 8:18

All games in this series

Show
View Real Time Build Order
Export as new Build Order

Probe Protoss 

Build Orders: Oracle Opening 

Get SALT Encoding   

  12  0:00  Probe  
  13  0:13  Probe  
  14  0:17  Pylon  
  14  0:25  Probe (Chrono Boost)  
  15  0:37  Probe (Chrono Boost)  
  15  0:38  Gateway  
  16  0:43  Probe (Chrono Boost)  
  16  0:46  Assimilator  
  17  0:51  Probe  
  17  0:54  Assimilator  
  18  1:03  Probe (Chrono Boost)  
  19  1:10  Gateway  
  19  1:13  Probe (Chrono Boost)  
  19  1:18  Probe (Chrono Boost)  
  20  1:25  Cybernetics Core  
  21  1:29  Probe  
  22  1:38  Pylon  
  22  1:41  Probe  
  23  1:56  Probe  
  24  2:01  Stargate  
  24  2:04  Stalker  
  24  2:08  Stalker  
  28  2:11  Probe  
  29  2:17  Pylon  
  29  2:21  Warp Gate (Chrono Boost)  
  29  2:42  Oracle (Chrono Boost)  
  31  2:55  Probe, Shield Battery  
  31  2:58  Stalker  
  34  3:03  Stalker  
  36  3:10  Pylon  
  36  3:25  Robotics Facility  
  36  3:27  Gateway  
  36  3:29  Shield Battery  
  36  3:34  Pylon  
  36  3:39  Shield Battery  
  36  4:02  Sentry  
  36  4:03  Stalker  
  36  4:05  Pylon  
  40  4:12  Pylon  
  40  4:20  Immortal (Chrono Boost)  
  44  4:39  Stalker  
  44  4:40  Stalker  
  48  4:46  Gateway  
  48  5:00  Immortal  
  52  5:11  Gateway  
  52  5:16  Pylon  
  52  5:27  Sentry  
  54  5:32  Pylon  
  54  5:33  Pylon  
  54  5:42  Observer (Chrono Boost)  
  55  5:47  Adept  
  57  5:52  Adept  
  57  5:55  Observer  
  57  5:56  Warp Prism (Chrono Boost)  
  61  6:21  Nexus  
  61  6:25  Sentry  
  63  6:28  Probe  
  64  6:36  Pylon  
  64  6:46  Probe  
  65  6:47  Forge  
  65  6:58  Probe  
  63  7:04  Immortal (Chrono Boost)  
  67  7:12  Shield Battery  
  67  7:21  Twilight Council  
  67  7:30  Shield Battery  
  67  7:33  Zealot  
  67  7:39  Zealot  
  65  7:49  Adept  
  63  7:53  Probe x2  
  55  8:01  Zealot  
  45  8:09  Zealot  
Show
View Real Time Build Order
Export as new Build Order

SKillous Protoss - Winner!

Build Orders:  

Get SALT Encoding   

  12  0:00  Probe  
  13  0:12  Probe  
  14  0:17  Pylon  
  14  0:25  Probe (Chrono Boost)  
  15  0:37  Probe (Chrono Boost), Gateway  
  16  0:45  Probe (Chrono Boost)  
  16  0:46  Assimilator  
  17  0:51  Probe  
  17  0:54  Assimilator  
  18  1:03  Probe (Chrono Boost)  
  19  1:08  Gateway  
  19  1:14  Probe (Chrono Boost)  
  20  1:18  Probe (Chrono Boost)  
  20  1:25  Cybernetics Core  
  21  1:29  Probe  
  22  1:34  Pylon  
  22  1:41  Probe  
  24  2:01  Robotics Facility  
  24  2:03  Stalker  
  24  2:05  Stalker  
  27  2:10  Warp Gate  
  27  2:13  Pylon  
  27  2:33  Stalker  
  27  2:35  Stalker  
  31  2:45  Immortal (Chrono Boost)  
  34  3:13  Sentry  
  34  3:14  Warp Prism (Chrono Boost)  
  34  3:15  Pylon  
  38  3:29  Shield Battery  
  38  3:34  Probe  
  39  3:43  Immortal  
  43  3:49  Pylon  
  43  3:58  Stalker  
  43  3:59  Sentry  
  47  4:07  Probe  
  46  4:25  Adept x2, Observer  
  51  4:32  Pylon  
  51  4:51  Probe, Stargate  
  52  4:54  Adept x2  
  56  5:11  Nexus  
  55  5:33  Immortal  
  59  5:39  Phoenix (Chrono Boost)  
  61  5:46  Probe  
  62  6:00  Pylon  
  62  6:06  Probe  
  63  6:18  Phoenix (Chrono Boost)  
  65  6:21  Shield Battery x2  
  65  6:23  Probe  
  65  6:24  Probe  
  67  6:35  Probe, Phoenix (Chrono Boost)  
  71  6:41  Pylon  
  71  6:51  Probe x2  
  71  6:53  Phoenix (Chrono Boost)  
  74  7:00  Adept x2  
  78  7:05  Pylon  
  78  7:07  Probe  
  79  7:13  Phoenix (Chrono Boost)  
  81  7:21  Probe  
  82  7:26  Adept  
  82  7:27  Adept  
  82  7:28  Probe  
  87  7:33  Probe  
  86  7:37  Pylon  
  86  7:48  Probe  
  75  7:51  Adept x2  
  75  7:53  Phoenix  
  77  8:04  Probe (Chrono Boost)  
  75  8:10  Probe (Chrono Boost)  
  76  8:15  Assimilator  
  77  8:17  Assimilator  

Tags
 
Add a new tag
Caveats
  • Supply blocks, unpowered buildings, or Contaminate may cause inaccurate times.
  • Supply counts are checked every 10 seconds.